 Seeded DCSS version 0.29.1-15-g9cfb28693d (webtiles) character file.

Game seed: 10165163451824931987 (custom seed)

24 Psyclone the Conjurer (level 2, 15/15 HPs)
             Began as a Deep Elf Conjurer on Sept 23, 2023.
             Quit the game on level 1 of the Dungeon.
             The game lasted 00:01:24 (981 turns).

Psyclone the Conjurer (Deep Elf Conjurer)            Turns: 981, Time: 00:01:25

Health: 15/15      AC:  2    Str:  4    XL:     2   Next: 79%
Magic:  9/9        EV: 12    Int: 22    God:
Gold:   32         SH:  0    Dex: 13    Spells: 8/9 levels left

rFire   . . .      SeeInvis .   c - +0 short sword
rCold   . . .      Faith    .   (no shield)
rNeg    . . .      Spirit   .   a - +0 robe
rPois   .          Reflect  .   (no helmet)
rElec   .          Harm     .   (no cloak)
rCorr   .          Rampage  .   (no gloves)
Will    .....                   (no boots)
Stlth   ++........              (no amulet)
HPRegen 0.05/turn               (no ring)
MPRegen 0.11/turn               (no ring)

@: no status effects
A: no striking features
a: no special abilities


You were on level 1 of the Dungeon.
You visited 1 branch of the dungeon, and saw 1 of its levels.

You collected 32 gold pieces.

Inventory:

Hand Weapons
 c - a +0 short sword (weapon)
Armour
 a - a +0 robe (worn)
Jewellery
 f - an amulet of regeneration
Scrolls
 d - 2 scrolls of teleportation {unknown}
 e - 2 scrolls of acquirement {unknown}
 g - a scroll of enchant weapon {unknown}
 h - a scroll of vulnerability {unknown}
 i - a scroll of noise {unknown}
 k - a scroll of butterflies {unknown}
 l - 2 scrolls of fear {unknown}
 m - a scroll of identify {unknown}
Potions
 b - a potion of magic
 j - a potion of flight {unknown}


   Skills:
 - Level 2.4 Dodging
 - Level 2.4 Stealth
 + Level 4.0 Spellcasting
 + Level 4.9 Conjurations


You had 8 spell levels left.
You knew the following spells:

 Your Spells              Type           Power      Damage    Failure   Level
a - Magic Dart            Conj           100%       1d8       1%          1

Your spell library contained the following spells:

 Spells                   Type           Power      Damage    Failure   Level
 Searing Ray              Conj           52%        2d6       2%          2
 Dazzling Flash           Conj/Hex       30%        N/A       12%         3
 Fulminant Prism          Conj/Hex       7%         3d7       38%         4
 Iskenderun's Mystic Bla  Conj/Tloc      15%        2d5       38%         4


Dungeon Overview and Level Annotations

Branches:
Dungeon (1/15) Zot: 5019

Altars:

Shops:
D:1 =


Message History

You open the door.
There is an open door here.
A ball python comes into view.
The ball python closely misses you. The ball python barely misses you.
Casting: Magic Dart (safe; 1% risk of failure)
Confirm with . or Enter, or press ? or * to list all spells.
Aiming: Magic Dart (safe; 1% risk of failure)
Press: ? - help, Shift-Dir - straight line, f - ball python
Aim: a ball python (100% to hit)
The magic dart hits the ball python.
The ball python is severely wounded.
The ball python completely misses you. The ball python barely misses you.
You now have 7/8 mp.
Casting: Magic Dart (safe; 1% risk of failure)
Confirm with . or Enter, or press ? or * to list all spells.
Aiming: Magic Dart (safe; 1% risk of failure)
Press: ? - help, Shift-Dir - straight line, f/p - ball python
Aim: a ball python (severely wounded, 100% to hit)
The magic dart hits the ball python.
You kill the ball python!
Your Spellcasting skill increases to level 4!
You now have 6/9 mp.
Casting: Magic Dart (safe; 1% risk of failure)
Confirm with . or Enter, or press ? or * to list all spells.
You can't see any susceptible monsters within range! (Use Z to cast anyway.) Unknown command.
Casting: Magic Dart (safe; 1% risk of failure)
Confirm with . or Enter, or press ? or * to list all spells.
You can't see any susceptible monsters within range! (Use Z to cast anyway.) Unknown command.
Casting: Magic Dart (safe; 1% risk of failure)
Confirm with . or Enter, or press ? or * to list all spells.
You can't see any susceptible monsters within range! (Use Z to cast anyway.) Unknown command.
Casting: Magic Dart (safe; 1% risk of failure)
Confirm with . or Enter, or press ? or * to list all spells.
You can't see any susceptible monsters within range! (Use Z to cast anyway.) Done exploring.
MP restored: 9 Are you sure you want to abandon this character and quit the game? (Confirm with "yes".)

#.# ###.#.#..###.#.##...#####.#
#.######............##.......#.#
##.#...###.......#.####...###.#.#
.....#.>.........#.# #...# #.#.#
##.#...##........#.# #...###.#.#
##.##.###..........# #.......#.#
##....# #........######...#.###.#
###### ##...#.....>............#
#......@######...#######
####...........### #############


There were no monsters in sight!

Vanquished Creatures
  2 ball pythons (D:1)
  3 endoplasms (D:1)
  A giant cockroach (D:1)
  5 goblins (D:1)
  3 hobgoblins (D:1)
  4 bats (D:1)
  2 kobolds (D:1)
20 creatures vanquished.

Notes
Turn   | Place    | Note
-------+----------+-------------------------------------------
     0 | D:1      | Psyclone the Deep Elf Conjurer began the quest for the Orb.
     0 | D:1      | Reached XP level 1. HP: 10/10 MP: 6/6
   227 | D:1      | Reached XP level 2. HP: 13/15 MP: 0/8
   795 | D:1      | Found Imaonk's Jewellery Emporium.
   981 | D:1      | Quit the game

Illustrated notes

Levels and vault maps discovered:
D:1:      evilmike_arrival_fibonacci_small, layout_loops_ring, serial_shops,
          nicolae_shop_behind_doors, ebering_dispersal_statue_hall

Skill      XL: |  1  2 |
---------------+-------+-----
Spellcasting   | 4 |  4.0
Dodging        | |  2.4
Stealth        | |  2.4
Conjurations   | |  4.9

Action                   || total
-------------------------++-------
Melee: Short sword       ||     3
 Cast: Magic Dart        ||    34
Dodge: Dodged            ||    11
